Map: Orbital Shipyard

Players

IlIlIlIlIlIl (Naniwa) - Winner!

  • Race: Protoss Protoss
  • League: Grandmaster

Shiek

  • Race: Terran Terran
  • League: Grandmaster

VOD

Have the link to the VOD?

Description

Time

  • Played on: Feb. 27, 2016, 3:49 p.m.
  • Length: 11:20
Show
View Real Time Build Order
Export as new Build Order

IlIlIlIlIlIl Protoss - Winner!

Build Orders: 1 Gate Expand, Blink Stalkers 

Get SALT Encoding   

  12  0:01  Probe (Chrono Boost)  
  13  0:11  Probe (Chrono Boost)  
  14  0:17  Pylon  
  14  0:22  Probe (Chrono Boost)  
  15  0:36  Probe (Chrono Boost)  
  15  0:37  Gateway  
  16  0:42  Assimilator  
  16  0:46  Probe (Chrono Boost)  
  18  0:57  Probe (Chrono Boost)  
  18  1:07  Probe (Chrono Boost)  
  19  1:18  Probe (Chrono Boost)  
  20  1:24  Cybernetics Core  
  20  1:30  Nexus  
  20  1:34  Probe (Chrono Boost)  
  21  1:41  Pylon  
  21  1:45  Assimilator  
  21  1:48  Probe (Chrono Boost)  
  22  1:59  Probe (Chrono Boost)  
  22  2:00  Warp Gate  
  22  2:01  Adept (Chrono Boost)  
  25  2:10  Probe  
  26  2:17  Twilight Council  
  26  2:23  Probe  
  26  2:25  Adept (Chrono Boost)  
  29  2:35  Probe  
  30  2:43  Probe (Chrono Boost)  
  30  2:47  Probe (Chrono Boost)  
  32  2:53  Blink (Chrono Boost)  
  32  2:54  Probe (Chrono Boost)  
  32  2:58  Probe  
  34  3:04  Probe  
  35  3:09  Gateway  
  35  3:12  Probe  
  36  3:14  Probe, Gateway  
  37  3:22  Robotics Facility  
  37  3:25  Probe x2  
  39  3:32  Pylon  
  39  3:35  Probe  
  39  3:37  Mothership Core  
  42  3:43  Pylon  
  42  3:46  Probe  
  43  3:49  Assimilator  
  43  3:55  Assimilator  
  43  3:57  Probe  
  43  3:58  Probe  
  45  4:07  Observer (Chrono Boost)  
  45  4:09  Probe  
  47  4:11  Probe  
  47  4:13  Stalker x3  
  54  4:18  Pylon  
  54  4:22  Probe  
  54  4:23  Probe  
  56  4:26  Observer  
  57  4:34  Probe  
  57  4:35  Probe  
  59  4:41  Stalker x3  
  65  4:46  Probe  
  65  4:47  Probe  
  67  4:55  Nexus  
  67  4:58  Probe, Pylon  
  68  5:22  Probe x2  
  68  5:23  Stalker x3  
  68  5:28  Forge  
  76  5:32  Forge  
  76  5:34  Probe x2  
  78  5:41  Gateway  
  78  5:42  Gateway  
  76  5:46  Resonating Glaives (Chrono Boost)  
  76  5:48  Gateway, Probe x2  
  76  5:53  Sentry  
  78  5:57  Pylon  
  78  5:58  Pylon  
  78  6:01  Protoss Ground Weapons Level 1 (Chrono Boost)  
  78  6:06  Warp Prism, Probe  
  78  6:07  Probe x2  
  78  6:08  Sentry  
  85  6:15  Protoss Ground Armor Level 1 (Chrono Boost)  
  85  6:17  Probe  
  86  6:19  Probe x2  
  86  6:22  Adept x2  
  92  6:30  Probe  
  92  6:31  Probe  
  92  6:32  Probe  
  78  6:41  Probe  
  78  6:44  Probe  
  80  6:49  Probe  
  80  6:51  Probe  
  82  6:54  Stalker x5  
  82  6:56  Probe, Stalker  
  82  6:59  Pylon  
  95  7:02  Pylon  
  95  7:03  Probe  
  95  7:05  Probe  
  97  7:14  Probe x2  
  97  7:15  Observer  
  99  7:17  Probe  
  99  7:20  Adept x5  
  99  7:21  Adept  
  109  7:32  Probe  
  109  7:33  Probe  
  109  7:34  Probe  
  104  7:40  Adept  
  104  7:41  Adept x4  
  104  7:42  Sentry  
  104  7:43  Probe  
  104  7:46  Probe  
  98  7:51  Probe  
  98  7:54  Probe  
  100  8:00  Probe  
  100  8:03  Protoss Ground Weapons Level 2 (Chrono Boost)  
  100  8:04  Protoss Ground Armor Level 2 (Chrono Boost), Probe x2  
  102  8:12  Immortal (Chrono Boost), Templar Archives  
  107  8:20  Assimilator  
  107  8:22  Assimilator  
  107  8:25  Stalker x6  
  119  8:32  Gateway  
  119  8:33  Gateway  
  119  8:40  Pylon  
  119  8:43  Pylon  
  119  8:52  Adept x3  
  125  9:00  Psionic Storm  
  121  9:09  Photon Cannon  
  121  9:10  Immortal (Chrono Boost), Photon Cannon  
  121  9:14  High Templar x2  
  125  9:22  Adept, High Templar  
  129  9:28  Nexus  
  129  9:31  Pylon  
  129  9:32  High Templar  
  129  9:33  Pylon  
  129  9:34  Adept x3  
  129  9:38  Pylon  
  137  9:47  Pylon  
  137  9:49  Pylon  
  137  9:53  Stalker x3  
  137  9:58  Observer  
  137  9:59  Pylon  
  144  10:01  Stalker x4  
  152  10:12  Photon Cannon x2, Pylon  
  145  10:21  Adept x2  
  145  10:22  Adept x2  
  145  10:26  Adept x4  
  159  10:33  Photon Cannon  
  151  10:53  Adept x2  
  151  10:54  Adept x5  
  159  10:57  High Templar  
Show
View Real Time Build Order
Export as new Build Order

Shiek Terran 

Build Orders: Reaper Expand, MMM Bio 

Get SALT Encoding   

  12  0:01  SCV  
  13  0:13  SCV  
  14  0:18  Supply Depot  
  14  0:25  SCV  
  15  0:40  SCV  
  15  0:42  Barracks  
  16  0:46  Refinery  
  16  0:52  SCV  
  17  1:04  SCV  
  18  1:16  SCV  
  19  1:28  Orbital Command  
  19  1:29  Reaper  
  20  1:41  Command Center  
  20  1:52  Supply Depot  
  20  1:54  SCV  
  21  2:02  Barracks Reactor  
  21  2:05  Refinery  
  21  2:06  SCV  
  22  2:17  Barracks  
  22  2:18  SCV  
  23  2:29  Factory  
  23  2:30  SCV  
  24  2:39  Marine x2  
  24  2:42  SCV  
  27  2:53  Orbital Command  
  27  2:55  SCV  
  27  2:57  Marine x2  
  30  3:04  Barracks Tech Lab  
  30  3:08  SCV, Supply Depot  
  31  3:15  Starport  
  31  3:17  Factory Reactor  
  31  3:20  SCV  
  31  3:22  SCV  
  33  3:28  Stimpack  
  33  3:30  Marine x2  
  33  3:33  SCV  
  36  3:35  SCV  
  36  3:38  Marine  
  38  3:45  SCV  
  38  3:47  SCV  
  40  3:48  Marine  
  40  3:49  Marine  
  41  3:56  Medivac, Widow Mine x2  
  41  3:58  Marine  
  41  3:59  SCV x2  
  50  4:02  Supply Depot  
  50  4:08  Marine, Supply Depot  
  50  4:09  Marine  
  52  4:12  SCV  
  52  4:13  SCV  
  54  4:18  Barracks  
  54  4:24  Marine, SCV  
  54  4:25  SCV  
  57  4:33  Marine x2  
  57  4:35  Medivac x2  
  57  4:38  Refinery  
  63  4:40  SCV, Supply Depot  
  63  4:41  SCV  
  63  4:43  Marine  
  66  4:47  Supply Depot  
  66  4:50  Factory Reactor  
  66  4:54  Engineering Bay  
  66  4:55  SCV x2  
  68  5:00  Marine x2  
  68  5:01  Marine  
  68  5:05  Supply Depot  
  71  5:07  SCV  
  71  5:08  SCV  
  71  5:10  Barracks Tech Lab  
  71  5:12  Medivac  
  75  5:14  Medivac  
  75  5:18  Marine  
  75  5:20  SCV x2  
  76  5:26  Refinery  
  76  5:28  Terran Infantry Weapons Level 1  
  76  5:32  Supply Depot  
  76  5:35  Marauder x2  
  80  5:39  SCV  
  82  5:47  Barracks Reactor  
  79  5:54  Widow Mine x2  
  83  6:01  Marauder, Marine  
  83  6:03  Barracks  
  86  6:04  Barracks  
  86  6:06  SCV x2  
  88  6:11  Command Center  
  88  6:12  Supply Depot  
  88  6:13  Medivac x2  
  92  6:18  Marine  
  92  6:23  Marauder  
  95  6:26  SCV  
  95  6:27  SCV  
  95  6:30  Liberator x2  
  89  6:36  Marine  
  80  6:44  Marine x2  
  80  6:45  Widow Mine x2  
  86  6:49  Marauder  
  86  6:51  SCV x2  
  94  7:01  Supply Depot  
  94  7:02  Supply Depot  
  94  7:03  Barracks Tech Lab  
  94  7:04  Barracks Reactor  
  94  7:06  SCV x2  
  94  7:07  Marine x2  
  98  7:10  Marauder x2  
  98  7:13  Widow Mine  
  98  7:14  Widow Mine  
  106  7:18  Supply Depot  
  106  7:22  Terran Infantry Armor Level 1  
  106  7:29  Marauder, Marine  
  103  7:30  SCV  
  103  7:34  Marine x2  
  103  7:36  SCV x2  
  99  7:37  Marine  
  99  7:40  Marine  
  99  7:42  SCV  
  91  7:48  SCV, Marine  
  91  7:51  Marauder  
  91  7:53  Marauder, Marine x2  
  91  7:56  Marauder  
  91  7:58  Marine  
  96  8:04  Liberator  
  96  8:05  SCV x2  
  98  8:06  Liberator, Marine  
  98  8:12  Marauder, Armory  
  101  8:14  Marauder  
  101  8:15  Orbital Command  
  101  8:16  Engineering Bay  
  103  8:25  Widow Mine x2  
  113  8:29  Marauder, Marine  
  116  8:34  SCV x2  
  116  8:39  Marine, Refinery  
  116  8:40  Marauder x2  
  123  8:43  SCV  
  123  8:46  Marine, SCV x2  
  123  8:47  Supply Depot  
  125  8:51  Marauder, Marine x2  
  126  8:55  SCV  
  126  8:57  Marine  
  126  8:58  SCV x2  
  126  9:01  Marauder  
  124  9:08  SCV  
  124  9:10  SCV x2  
  126  9:17  Liberator  
  126  9:21  Supply Depot  
  126  9:22  Marauder x3, Marine x2  
  133  9:24  Widow Mine, Command Center  
  133  9:25  Widow Mine  
  133  9:31  Combat Shields  
  137  9:32  Concussive Shells  
  140  9:39  Marine x3  
  140  9:40  Marine  
  144  9:50  Marauder x2, Marine  
  149  9:54  SCV x3  
  149  9:57  Marine, Refinery  
  153  10:00  Barracks  
  153  10:02  Barracks  
  153  10:03  Marine x2  
  149  10:08  Marauder, Marine  
  149  10:11  Marauder  
  149  10:14  SCV x2  
  149  10:17  Marine  
  149  10:18  Marauder  
  149  10:21  Marine  
  151  10:29  Marauder  
  151  10:30  Marine  
  151  10:31  Marine  
  151  10:33  Marauder  
  151  10:35  Marine  
  149  10:39  Marauder  
  138  10:43  Marine  
  130  10:51  Marauder  
  130  10:54  Marauder, Marine x2  
Tags
 
Add a new tag
Caveats
  • Supply blocks, unpowered buildings, or Contaminate may cause inaccurate times.
  • Supply counts are checked every 10 seconds.